[ AOE2 MATCH · #471165451 ]
Team RMDravidians vs Japanese
[ REPLAY ANALYSIS · EXTRACTED FROM THE RECORDED GAME ]
Feudal
—
Castle
—
Imperial
—
| APM avg | 18.2 |
| APM peak | 43 |
| eAPM avg | 13.1 |
| Villagers / military | 58 / 13 |
Focus
⚔️ 26.8% · 🌾 73.2%
Fishing Ship ×26 · Spearman ×7 · Galley ×6
Feudal
—
Castle
—
Imperial
—
| APM avg | 16.4 |
| APM peak | 39 |
| eAPM avg | 10.4 |
| Villagers / military | 47 / 10 |
Focus
⚔️ 31.7% · 🌾 68.3%
Fishing Ship ×9 · Spearman ×6 · Unknown (2626) ×4 · Fire Galley ×2 · Fire Lancer ×2
Feudal
—
Castle
—
Imperial
—
| APM avg | 28.6 |
| APM peak | 57 |
| eAPM avg | 12.1 |
| Villagers / military | 33 / 7 |
Focus
⚔️ 25.3% · 🌾 74.7%
Fishing Ship ×16 · Skirmisher ×6 · Battering Ram ×1
Feudal
—
Castle
—
Imperial
—
| APM avg | 19.2 |
| APM peak | 40 |
| eAPM avg | 9.3 |
| Villagers / military | 31 / 14 |
Focus
⚔️ 19.3% · 🌾 80.7%
Archer ×9 · Militia ×5
Feudal
—
Castle
—
Imperial
—
| APM avg | 20.0 |
| APM peak | 59 |
| eAPM avg | 11.3 |
| Villagers / military | 54 / 27 |
Focus
⚔️ 18.3% · 🌾 81.7%
Knight ×16 · Fishing Ship ×8 · Battering Ram ×5 · Teutonic Knight ×4 · Scout Cavalry ×1 · Galley ×1
Feudal
—
Castle
—
Imperial
—
| APM avg | 6.3 |
| APM peak | 26 |
| eAPM avg | 5.3 |
| Villagers / military | 23 / 2 |
Focus
⚔️ 14.7% · 🌾 85.3%
Fishing Ship ×7 · Knight ×2
Match map
Resources at game start + every placement click. Thick line = wall · dashed box = detected house wall. 🟡 gold · ⚪ stone · 🟢 berries · 🔶 boar · ⭕ relic
Inputs per minute
— [M] Nico - - Pandoo
Build order — [M] Nico
137 actions detected in the replay
| 0:53 | Build | Town Center |
| 2:17 | Build | Dock |
| 2:32 | Build | House |
| 3:33 | Create | Villager (Male) |
| 3:33 | Create | Villager (Male) |
| 3:34 | Create | Villager (Male) |
| 3:34 | Create | Villager (Male) |
| 5:00 | Create | Villager (Male) |
| 5:00 | Create | Villager (Male) |
| 5:02 | Create | Fishing Ship |
| 5:23 | Create | Fishing Ship |
| 5:23 | Create | Fishing Ship |
| 6:12 | Create | Villager (Male) |
| 6:13 | Create | Villager (Male) |
| 6:23 | Create | Fishing Ship |
| 6:57 | Create | Villager (Male) |
| 6:57 | Create | Villager (Male) |
| 7:04 | Create | Fishing Ship |
| 7:16 | Build | House |
| 7:27 | Create | Villager (Male) |
| 7:27 | Create | Villager (Male) |
| 7:51 | Create | Villager (Male) |
| 8:10 | Create | Fishing Ship |
| 8:12 | Create | Villager (Male) |
| 8:53 | Create | Fishing Ship |
| 8:58 | Build | House |
| 9:16 | Create | Villager (Male) |
| 9:23 | Create | Villager (Male) |
| 9:26 | Create | Fishing Ship |
| 9:31 | Build | House |
| 9:39 | Create | Villager (Male) |
| 10:18 | Create | Fishing Ship |
| 10:18 | Create | Villager (Male) |
| 11:01 | Research | Loom |
| 11:07 | Build | Mining Camp |
| 11:09 | Create | Villager (Male) |
| 11:44 | Research | Feudal Age |
| 11:44 | Research | Feudal Age |
| 11:44 | Research | Feudal Age |
| 12:10 | Build | Dock |
| 13:12 | Create | Villager (Male) |
| 13:12 | Create | Villager (Male) |
| 13:34 | Build | Lumber Camp |
| 14:00 | Build | Mill |
| 14:05 | Create | Galley |
| 14:05 | Create | Galley |
| 14:38 | Research | Double-Bit Axe |
| 14:45 | Build | Blacksmith |
| 14:52 | Create | Villager (Male) |
| 14:54 | Create | Villager (Male) |
| 15:00 | Create | Galley |
| 15:00 | Create | Galley |
| 15:16 | Research | Fletching |
| 15:16 | Research | Fletching |
| 15:47 | Create | Galley |
| 15:47 | Create | Galley |
| 16:24 | Build | Dock |
| 16:42 | Build | Lumber Camp |
| 17:04 | Create | Fishing Ship |
| 17:04 | Create | Fishing Ship |
| 17:09 | Build | House |
| 17:43 | Build | Market |
| 18:00 | Build | House |
| 18:07 | Create | Fishing Ship |
| 18:14 | Create | Fishing Ship |
| 18:14 | Create | Fishing Ship |
| 18:19 | Research | Castle Age |
| 18:19 | Research | Castle Age |
| 19:16 | Create | Villager (Male) |
| 19:17 | Create | Villager (Male) |
| 19:22 | Build | House |
| 19:55 | Create | Fishing Ship |
| 19:55 | Create | Fishing Ship |
| 19:56 | Create | Fishing Ship |
| 19:56 | Create | Fishing Ship |
| 20:00 | Build | House |
| 21:04 | Build | Town Center |
| 21:11 | Build | Town Center |
| 21:11 | Create | Villager (Male) |
| 21:12 | Create | Villager (Male) |
| 21:12 | Create | Villager (Male) |
| 21:19 | Build | House |
| 21:27 | Create | Fishing Ship |
| 21:27 | Create | Fishing Ship |
| 21:27 | Create | Fishing Ship |
| 21:27 | Create | Fishing Ship |
| 21:27 | Create | Fishing Ship |
| 21:32 | Create | Villager (Male) |
| 21:36 | Research | Bow Saw |
| 21:36 | Research | Bow Saw |
| 22:18 | Build | House |
| 22:37 | Create | Villager (Male) |
| 22:37 | Create | Villager (Male) |
| 22:38 | Create | Villager (Male) |
| 22:38 | Create | Villager (Male) |
| 22:38 | Create | Villager (Male) |
| 22:38 | Create | Villager (Male) |
| 22:39 | Create | Villager (Male) |
| 22:39 | Create | Villager (Male) |
| 22:39 | Create | Villager (Male) |
| 22:44 | Build | Town Center |
| 22:48 | Create | Fishing Ship |
| 22:48 | Create | Fishing Ship |
| 22:49 | Create | Fishing Ship |
| 23:00 | Build | House |
| 23:39 | Build | Stone Wall |
| 23:42 | Build | Stone Wall |
| 23:48 | Create | Villager (Male) |
| 23:48 | Create | Villager (Male) |
| 23:48 | Create | Villager (Male) |
| 23:49 | Create | Villager (Male) |
| 23:49 | Create | Villager (Male) |
| 24:02 | Create | Villager (Male) |
| 24:03 | Create | Villager (Male) |
| 24:03 | Create | Villager (Male) |
| 24:03 | Create | Villager (Male) |
| 24:38 | Build | Barracks |
| 24:51 | Build | House |
| 24:53 | Create | Villager (Male) |
| 24:54 | Create | Villager (Male) |
| 25:11 | Create | Villager (Male) |
| 25:11 | Create | Villager (Male) |
| 25:16 | Create | Spearman |
| 25:16 | Create | Spearman |
| 25:16 | Create | Spearman |
| 25:23 | Create | Villager (Male) |
| 25:24 | Create | Villager (Male) |
| 25:45 | Create | Villager (Male) |
| 25:45 | Create | Villager (Male) |
| 25:46 | Create | Villager (Male) |
| 25:46 | Create | Villager (Male) |
| 26:04 | Create | Villager (Male) |
| 26:07 | Create | Spearman |
| 26:07 | Create | Spearman |
| 26:14 | Research | Scale Mail Armor |
| 26:36 | Create | Spearman |
| 26:52 | Create | Spearman |
Build order — Pandoo
118 actions detected in the replay
| 0:10 | Build | House |
| 0:12 | Build | House |
| 0:21 | Build | Town Center |
| 2:15 | Build | Dock |
| 2:42 | Build | Palisade Wall |
| 2:53 | Build | Palisade Wall |
| 3:02 | Create | Villager (Male) |
| 3:02 | Create | Villager (Male) |
| 3:02 | Create | Villager (Male) |
| 3:02 | Create | Villager (Male) |
| 3:23 | Build | Palisade Wall |
| 4:22 | Create | Villager (Male) |
| 4:22 | Create | Villager (Male) |
| 4:57 | Create | Villager (Male) |
| 5:44 | Build | Dock |
| 5:55 | Create | Villager (Male) |
| 5:55 | Create | Villager (Male) |
| 5:55 | Create | Villager (Male) |
| 6:32 | Create | Villager (Male) |
| 6:43 | Create | Villager (Male) |
| 7:18 | Build | House |
| 7:32 | Create | Villager (Male) |
| 7:32 | Create | Villager (Male) |
| 7:32 | Create | Villager (Male) |
| 8:08 | Create | Villager (Male) |
| 8:11 | Create | Fishing Ship |
| 8:34 | Create | Villager (Male) |
| 8:36 | Create | Villager (Male) |
| 8:39 | Build | House |
| 8:59 | Create | Fishing Ship |
| 9:09 | Create | Villager (Male) |
| 9:09 | Create | Villager (Male) |
| 9:11 | Create | Villager (Male) |
| 9:11 | Research | Loom |
| 9:48 | Build | Mill |
| 10:32 | Create | Fishing Ship |
| 11:13 | Create | Fishing Ship |
| 11:19 | Research | Feudal Age |
| 12:09 | Build | Lumber Camp |
| 12:27 | Build | Barracks |
| 12:56 | Create | Villager (Male) |
| 12:56 | Create | Villager (Male) |
| 13:31 | Create | Unit 2626 |
| 13:42 | Create | Unit 2626 |
| 13:45 | Create | Fire Galley |
| 14:08 | Create | Villager (Male) |
| 14:33 | Create | Unit 2626 |
| 14:46 | Build | House |
| 14:57 | Create | Villager (Male) |
| 14:58 | Create | Villager (Male) |
| 15:01 | Research | Wheelbarrow |
| 15:02 | Create | Villager (Male) |
| 15:58 | Build | Market |
| 16:22 | Build | House |
| 16:33 | Build | House |
| 16:37 | Create | Fishing Ship |
| 16:45 | Create | Unit 2626 |
| 16:48 | Create | Fire Galley |
| 16:52 | Create | Villager (Male) |
| 17:01 | Build | Archery Range |
| 17:06 | Build | House |
| 17:30 | Create | Villager (Male) |
| 17:57 | Research | Castle Age |
| 18:14 | Build | Mining Camp |
| 18:18 | Build | Farm |
| 18:24 | Build | Dock |
| 18:30 | Create | Villager (Male) |
| 18:30 | Create | Villager (Male) |
| 18:34 | Research | Double-Bit Axe |
| 18:54 | Build | Outpost |
| 19:20 | Create | Fishing Ship |
| 19:20 | Create | Fishing Ship |
| 19:28 | Build | Watch Tower |
| 20:37 | Build | Watch Tower |
| 20:46 | Build | Town Center |
| 20:59 | Create | Fishing Ship |
| 21:00 | Create | Fishing Ship |
| 21:07 | Build | Palisade Wall |
| 21:14 | Build | Stone Wall |
| 21:16 | Build | Stone Wall |
| 21:30 | Build | Stone Wall |
| 21:32 | Build | Stone Wall |
| 21:44 | Build | Palisade Wall |
| 21:50 | Create | Spearman |
| 21:50 | Create | Spearman |
| 21:51 | Create | Spearman |
| 21:51 | Create | Fire Lancer |
| 21:53 | Create | Villager (Male) |
| 21:54 | Create | Villager (Male) |
| 22:25 | Create | Villager (Male) |
| 22:25 | Create | Villager (Male) |
| 22:32 | Build | Farm |
| 22:32 | Build | Farm |
| 22:51 | Create | Villager (Male) |
| 22:57 | Create | Spearman |
| 22:57 | Research | Pikeman (upgrade) |
| 22:58 | Create | Fire Lancer |
| 23:07 | Create | Villager (Male) |
| 23:08 | Create | Villager (Male) |
| 24:06 | Build | Castle |
| 24:14 | Create | Spearman |
| 24:14 | Create | Spearman |
| 24:16 | Create | Villager (Male) |
| 24:25 | Build | Blacksmith |
| 24:29 | Create | Villager (Male) |
| 24:29 | Create | Villager (Male) |
| 24:57 | Create | Villager (Male) |
| 24:57 | Create | Villager (Male) |
| 25:28 | Create | Villager (Male) |
| 25:52 | Build | Mining Camp |
| 26:03 | Create | Villager (Male) |
| 26:03 | Create | Villager (Male) |
| 26:27 | Build | Farm |
| 26:27 | Build | Farm |
| 26:27 | Build | Farm |
| 26:30 | Research | Forging |
| 26:31 | Research | Fletching |
| 26:34 | Create | Villager (Male) |
Build order — Lurkingunit
96 actions detected in the replay
| 0:24 | Build | Town Center |
| 0:48 | Build | Town Center |
| 1:32 | Build | Dock |
| 2:07 | Build | House |
| 3:19 | Create | Villager (Male) |
| 3:19 | Create | Villager (Male) |
| 3:20 | Create | Villager (Male) |
| 3:20 | Create | Villager (Male) |
| 3:20 | Create | Villager (Male) |
| 4:34 | Create | Fishing Ship |
| 4:42 | Create | Villager (Male) |
| 4:42 | Create | Villager (Male) |
| 5:03 | Create | Fishing Ship |
| 5:03 | Create | Fishing Ship |
| 5:26 | Research | Loom |
| 5:45 | Build | House |
| 6:13 | Create | Villager (Male) |
| 6:13 | Create | Villager (Male) |
| 6:24 | Create | Fishing Ship |
| 6:25 | Create | Fishing Ship |
| 6:30 | Create | Villager (Male) |
| 6:30 | Create | Villager (Male) |
| 6:52 | Create | Villager (Male) |
| 6:52 | Create | Villager (Male) |
| 7:02 | Create | Villager (Male) |
| 7:02 | Create | Villager (Male) |
| 7:09 | Build | House |
| 7:43 | Create | Villager (Male) |
| 7:44 | Create | Villager (Male) |
| 7:50 | Create | Villager (Male) |
| 8:06 | Build | Mill |
| 8:23 | Create | Villager (Male) |
| 8:23 | Create | Villager (Male) |
| 8:37 | Create | Fishing Ship |
| 8:38 | Create | Villager (Male) |
| 8:39 | Create | Villager (Male) |
| 8:39 | Create | Villager (Male) |
| 8:45 | Build | House |
| 9:31 | Create | Villager (Male) |
| 9:31 | Create | Villager (Male) |
| 9:32 | Create | Fishing Ship |
| 9:32 | Create | Fishing Ship |
| 9:50 | Create | Fishing Ship |
| 9:58 | Build | House |
| 10:16 | Create | Villager (Male) |
| 10:56 | Build | Dock |
| 11:00 | Create | Villager (Male) |
| 11:00 | Create | Villager (Male) |
| 11:09 | Create | Fishing Ship |
| 11:32 | Create | Fishing Ship |
| 11:32 | Create | Fishing Ship |
| 11:41 | Create | Villager (Male) |
| 11:53 | Build | House |
| 12:32 | Create | Fishing Ship |
| 12:33 | Create | Fishing Ship |
| 12:34 | Create | Villager (Male) |
| 12:41 | Build | House |
| 13:13 | Research | Feudal Age |
| 13:20 | Create | Fishing Ship |
| 13:20 | Create | Fishing Ship |
| 13:31 | Build | House |
| 13:32 | Build | House |
| 14:14 | Build | Barracks |
| 14:48 | Build | Lumber Camp |
| 15:36 | Build | Archery Range |
| 15:50 | Build | Blacksmith |
| 16:10 | Build | Mining Camp |
| 16:13 | Build | House |
| 16:15 | Build | House |
| 16:32 | Research | Castle Age |
| 16:44 | Create | Skirmisher ×4 |
| 17:40 | Build | Mining Camp |
| 17:45 | Create | Skirmisher |
| 17:45 | Create | Skirmisher |
| 18:01 | Build | Market |
| 18:10 | Build | House |
| 18:29 | Build | Barracks |
| 18:50 | Research | Stone Mining |
| 19:10 | Research | Fletching |
| 19:25 | Build | Siege Workshop |
| 19:37 | Research | Elite Skirmisher (upgrade) |
| 19:55 | Research | Double-Bit Axe |
| 20:32 | Create | Battering Ram |
| 21:04 | Research | Man-at-Arms (upgrade) |
| 21:04 | Research | Gambesons |
| 21:24 | Build | House |
| 21:58 | Build | Castle |
| 23:45 | Build | Lumber Camp |
| 24:35 | Create | Villager (Male) |
| 24:35 | Create | Villager (Male) |
| 24:35 | Create | Villager (Male) |
| 25:50 | Build | Market |
| 26:29 | Build | Town Center |
| 26:36 | Build | Farm |
| 26:36 | Build | Farm |
| 26:37 | Build | Farm |
Build order — Miyu
81 actions detected in the replay
| 0:07 | Build | Town Center |
| 0:16 | Build | Town Center |
| 0:25 | Build | House |
| 1:06 | Build | House |
| 2:49 | Create | Villager (Male) |
| 2:49 | Create | Villager (Male) |
| 2:49 | Create | Villager (Male) |
| 3:06 | Create | Villager (Male) |
| 4:06 | Build | Lumber Camp |
| 4:27 | Create | Villager (Male) |
| 4:28 | Create | Villager (Male) |
| 4:55 | Create | Villager (Male) |
| 5:23 | Create | Villager (Male) |
| 6:13 | Create | Villager (Male) |
| 6:30 | Create | Villager (Male) |
| 6:44 | Build | Mill |
| 6:48 | Create | Villager (Male) |
| 6:51 | Build | House |
| 7:06 | Create | Villager (Male) |
| 7:47 | Create | Villager (Male) |
| 8:19 | Create | Villager (Male) |
| 8:50 | Create | Villager (Male) |
| 8:51 | Research | Loom |
| 9:16 | Build | Mining Camp |
| 9:39 | Research | Feudal Age |
| 10:25 | Build | House |
| 10:54 | Build | Barracks |
| 11:42 | Create | Villager (Male) |
| 11:42 | Create | Villager (Male) |
| 11:55 | Build | Archery Range |
| 12:10 | Create | Villager (Male) |
| 12:31 | Create | Villager (Male) |
| 12:45 | Build | Blacksmith |
| 12:50 | Create | Villager (Male) |
| 12:56 | Create | Archer |
| 12:56 | Create | Archer |
| 13:10 | Build | House |
| 13:23 | Create | Villager (Male) |
| 13:27 | Research | Fletching |
| 13:51 | Create | Archer |
| 14:01 | Build | Farm |
| 14:27 | Create | Archer |
| 14:42 | Create | Archer |
| 14:47 | Build | House |
| 14:59 | Create | Villager (Male) |
| 15:14 | Create | Archer |
| 15:24 | Build | Farm |
| 15:47 | Build | Farm |
| 15:49 | Build | Farm |
| 16:14 | Build | Watch Tower |
| 16:34 | Create | Villager (Male) |
| 16:37 | Build | Farm |
| 17:12 | Create | Villager (Male) |
| 17:17 | Build | Market |
| 17:18 | Create | Villager (Male) |
| 17:44 | Create | Villager (Male) |
| 17:50 | Build | Farm |
| 18:24 | Build | Watch Tower |
| 18:34 | Create | Archer |
| 18:34 | Create | Archer |
| 18:36 | Create | Villager (Male) |
| 18:38 | Build | House |
| 18:39 | Build | House |
| 19:26 | Create | Villager (Male) |
| 19:58 | Create | Villager (Male) |
| 20:02 | Build | Farm |
| 20:04 | Build | Farm |
| 20:06 | Build | Farm |
| 20:08 | Build | Farm |
| 20:43 | Create | Villager (Male) |
| 20:44 | Build | Farm |
| 20:47 | Build | Farm |
| 21:09 | Research | Man-at-Arms (upgrade) |
| 21:24 | Build | Mining Camp |
| 21:28 | Create | Militia |
| 21:50 | Create | Villager (Male) |
| 21:52 | Create | Militia |
| 22:03 | Create | Archer |
| 22:15 | Create | Militia |
| 22:21 | Create | Militia |
| 22:36 | Create | Militia |
Build order — EvansAlmighty
123 actions detected in the replay
| 0:24 | Build | Town Center |
| 1:39 | Build | House |
| 1:41 | Build | Dock |
| 2:38 | Create | Villager (Male) |
| 2:38 | Create | Villager (Male) |
| 2:39 | Create | Villager (Male) |
| 2:39 | Create | Villager (Male) |
| 2:39 | Create | Villager (Male) |
| 3:51 | Research | Loom |
| 3:57 | Create | Fishing Ship |
| 4:46 | Build | House |
| 4:49 | Create | Villager (Male) |
| 5:14 | Create | Villager (Male) |
| 5:35 | Create | Villager (Male) |
| 5:35 | Create | Villager (Male) |
| 5:58 | Create | Villager (Male) |
| 5:58 | Create | Villager (Male) |
| 6:16 | Build | House |
| 6:35 | Create | Villager (Male) |
| 6:36 | Create | Villager (Male) |
| 6:36 | Create | Villager (Male) |
| 7:21 | Create | Villager (Male) |
| 7:22 | Create | Villager (Male) |
| 7:39 | Create | Fishing Ship |
| 7:43 | Create | Villager (Male) |
| 8:40 | Create | Fishing Ship |
| 8:44 | Create | Villager (Male) |
| 8:48 | Build | House |
| 9:12 | Create | Villager (Male) |
| 9:13 | Create | Villager (Male) |
| 9:30 | Create | Fishing Ship |
| 9:41 | Create | Villager (Male) |
| 9:47 | Build | House |
| 9:59 | Create | Villager (Male) |
| 10:29 | Build | Lumber Camp |
| 10:53 | Research | Feudal Age |
| 11:26 | Build | Barracks |
| 11:33 | Create | Fishing Ship |
| 12:14 | Build | House |
| 12:30 | Create | Fishing Ship |
| 12:33 | Create | Fishing Ship |
| 12:53 | Create | Villager (Male) |
| 13:12 | Build | Stable |
| 13:15 | Create | Villager (Male) |
| 13:33 | Build | Mill |
| 13:36 | Create | Villager (Male) |
| 13:43 | Create | Fishing Ship |
| 13:47 | Create | Villager (Male) |
| 13:58 | Create | Scout Cavalry |
| 14:16 | Build | Farm |
| 14:17 | Build | Farm |
| 14:17 | Build | Farm |
| 14:26 | Build | Farm |
| 14:50 | Create | Villager (Male) |
| 14:57 | Build | Farm |
| 15:14 | Create | Villager (Male) |
| 15:19 | Build | House |
| 15:32 | Build | Farm |
| 15:42 | Create | Villager (Male) |
| 16:20 | Build | House |
| 16:34 | Build | Blacksmith |
| 16:40 | Create | Villager (Male) |
| 16:50 | Build | Mining Camp |
| 17:10 | Research | Castle Age |
| 17:28 | Build | Stable |
| 17:39 | Research | Stone Mining |
| 17:53 | Research | Bloodlines |
| 18:00 | Research | Forging |
| 18:35 | Create | Galley |
| 18:57 | Research | Double-Bit Axe |
| 19:35 | Create | Villager (Male) |
| 19:35 | Create | Villager (Male) |
| 19:51 | Create | Knight ×3 |
| 19:52 | Create | Knight ×3 |
| 19:57 | Build | Town Center |
| 20:09 | Create | Villager (Male) |
| 20:15 | Create | Knight |
| 20:16 | Create | Knight |
| 21:09 | Create | Villager (Male) |
| 21:10 | Create | Villager (Male) |
| 21:13 | Build | Market |
| 21:23 | Create | Knight |
| 21:23 | Create | Knight |
| 21:40 | Create | Knight |
| 21:40 | Create | Knight |
| 21:43 | Create | Villager (Male) |
| 21:43 | Create | Villager (Male) |
| 22:07 | Create | Villager (Male) |
| 22:07 | Create | Villager (Male) |
| 22:27 | Create | Villager (Male) |
| 22:47 | Create | Villager (Male) |
| 22:47 | Create | Villager (Male) |
| 22:59 | Create | Knight |
| 23:00 | Create | Knight |
| 23:11 | Create | Villager (Male) |
| 23:11 | Create | Villager (Male) |
| 23:24 | Build | Farm |
| 23:34 | Create | Villager (Male) |
| 23:34 | Create | Villager (Male) |
| 24:02 | Build | Castle |
| 24:26 | Create | Knight |
| 24:26 | Create | Knight |
| 24:32 | Build | Siege Workshop |
| 24:43 | Build | House |
| 24:46 | Create | Villager (Male) |
| 24:46 | Create | Villager (Male) |
| 24:57 | Create | Villager (Male) |
| 24:57 | Create | Villager (Male) |
| 25:17 | Create | Battering Ram |
| 25:17 | Create | Battering Ram |
| 25:17 | Create | Battering Ram |
| 25:37 | Create | Teutonic Knight |
| 25:37 | Create | Teutonic Knight |
| 25:42 | Build | Mining Camp |
| 25:51 | Build | Farm |
| 26:05 | Create | Villager (Male) |
| 26:05 | Create | Villager (Male) |
| 26:23 | Create | Battering Ram |
| 26:23 | Create | Battering Ram |
| 26:33 | Create | Teutonic Knight |
| 26:33 | Create | Teutonic Knight |
| 26:55 | Create | Villager (Male) |
| 26:55 | Create | Villager (Male) |
Build order — SuperSpurs67
75 actions detected in the replay
| 0:24 | Build | Town Center |
| 0:50 | Build | Town Center |
| 1:42 | Build | Dock |
| 1:47 | Build | House |
| 3:30 | Create | Villager (Male) |
| 3:30 | Create | Villager (Male) |
| 3:30 | Create | Villager (Male) |
| 3:31 | Create | Villager (Male) |
| 3:31 | Create | Villager (Male) |
| 5:51 | Create | Villager (Male) |
| 5:56 | Build | House |
| 7:20 | Create | Villager (Male) |
| 7:27 | Create | Fishing Ship |
| 7:56 | Create | Villager (Male) |
| 7:56 | Create | Villager (Male) |
| 8:53 | Build | House |
| 9:24 | Create | Villager (Male) |
| 9:24 | Create | Villager (Male) |
| 9:24 | Create | Villager (Male) |
| 10:02 | Create | Fishing Ship |
| 10:22 | Build | House |
| 10:35 | Create | Fishing Ship |
| 10:40 | Create | Villager (Male) |
| 11:29 | Create | Fishing Ship |
| 11:29 | Create | Fishing Ship |
| 11:33 | Create | Villager (Male) |
| 12:20 | Build | Mill |
| 12:30 | Create | Fishing Ship |
| 12:40 | Build | Lumber Camp |
| 12:48 | Build | Farm |
| 12:56 | Create | Villager (Male) |
| 12:57 | Create | Villager (Male) |
| 13:03 | Build | House |
| 13:18 | Create | Fishing Ship |
| 13:41 | Build | Farm |
| 13:45 | Create | Villager (Male) |
| 13:45 | Create | Villager (Male) |
| 13:55 | Build | House |
| 13:59 | Build | House |
| 14:00 | Build | House |
| 14:03 | Build | House |
| 14:55 | Build | Farm |
| 16:01 | Build | Farm |
| 16:01 | Build | Farm |
| 16:02 | Build | Farm |
| 16:02 | Build | Farm |
| 16:03 | Build | Farm |
| 16:06 | Build | Farm |
| 16:16 | Create | Villager (Male) |
| 16:16 | Create | Villager (Male) |
| 16:23 | Build | House |
| 16:24 | Build | House |
| 16:26 | Build | House |
| 16:29 | Build | House |
| 16:31 | Build | House |
| 16:32 | Build | House |
| 16:35 | Build | House |
| 16:39 | Create | Villager (Male) |
| 17:09 | Build | Farm |
| 17:37 | Build | Farm |
| 17:45 | Build | Farm |
| 18:44 | Research | Loom |
| 19:16 | Research | Feudal Age |
| 19:42 | Build | Barracks |
| 21:35 | Build | Blacksmith |
| 21:42 | Build | Market |
| 23:31 | Research | Castle Age |
| 23:40 | Build | Stable |
| 23:45 | Build | Stable |
| 24:55 | Build | Mining Camp |
| 25:28 | Create | Villager (Male) |
| 26:06 | Create | Villager (Male) |
| 26:20 | Create | Knight |
| 26:22 | Create | Knight |
| 26:47 | Build | Town Center |
Match timeline
| 1:32 | Lurkingunit · first_building Dock |
| 1:41 | EvansAlmighty · first_building Dock |
| 1:42 | SuperSpurs67 · first_building Dock |
| 2:15 | Pandoo · first_building Dock |
| 2:17 | [M] Nico · first_building Dock |
| 2:42 | Pandoo · wall_segment Palisade Wall x1 |
| 2:53 | Pandoo · wall_segment Palisade Wall x1 |
| 3:23 | Pandoo · wall_segment Palisade Wall x1 |
| 10:54 | Miyu · first_building Barracks |
| 11:26 | EvansAlmighty · first_building Barracks |
| 11:55 | Miyu · first_building Archery Range |
| 12:27 | Pandoo · first_building Barracks |
| 13:12 | EvansAlmighty · first_building Stable |
| 14:14 | Lurkingunit · first_building Barracks |
| 15:36 | Lurkingunit · first_building Archery Range |
| 16:57 | Pandoo · first_market_buy 100 wood |
| 17:01 | Pandoo · first_building Archery Range |
| 18:10 | Miyu · first_market_buy 100 stone |
| 19:25 | Lurkingunit · first_building Siege Workshop |
| 19:42 | SuperSpurs67 · first_building Barracks |
| 21:07 | Pandoo · wall_segment Palisade Wall x1 |
| 21:14 | Pandoo · wall_segment Stone Wall x1 |
| 21:16 | Pandoo · wall_segment Stone Wall x1 |
| 21:30 | Pandoo · wall_segment Stone Wall x1 |
| 21:32 | Pandoo · wall_segment Stone Wall x1 |
| 21:44 | Pandoo · wall_segment Palisade Wall x1 |
| 21:46 | [M] Nico · first_market_sell 100 food |
| 21:48 | [M] Nico · first_market_buy 100 stone |
| 21:58 | Lurkingunit · first_building Castle |
| 22:37 | EvansAlmighty · first_market_sell 100 wood |
| 22:38 | EvansAlmighty · first_market_buy 100 stone |
| 23:18 | SuperSpurs67 · first_market_buy 100 food |
| 23:39 | [M] Nico · wall_segment Stone Wall x13 |
| 23:40 | SuperSpurs67 · first_building Stable |
| 23:42 | [M] Nico · wall_segment Stone Wall x12 |
| 24:02 | EvansAlmighty · first_building Castle |
| 24:06 | Pandoo · first_building Castle |
| 24:32 | EvansAlmighty · first_building Siege Workshop |
| 24:38 | [M] Nico · first_building Barracks |
| 24:58 | Miyu · resign |
[ AI ANALYSIS · 1 CREDIT ]
What really happened in this match?
Wolo.gg analyzes every decision: build order, eco, micro, common mistakes by bracket. Personalized analysis on WhatsApp or Discord in 30 seconds.
Civ guide
Dravidians
Map guide
Nomad
Perfil
[M] Nico